 Dungeon Crawl Stone Soup version 0.30-a0-373-gd37427bb62 (webtiles) character file.

Game seed: 11807564873096478460

8986 NinjaNoafa the Blocker (level 11, -4/89 HPs)
             Began as a Minotaur Fighter on Nov 23, 2022.
             Was an Initiate of Gozag.
             Slain by a yak (9 damage)
             ... on level 1 of the Lair of Beasts.
             The game lasted 00:17:00 (9558 turns).

NinjaNoafa the Blocker (Minotaur Fighter)           Turns: 9558, Time: 00:17:00

Health: -4/89      AC: 19    Str: 25    XL:     11   Next: 17%
Magic:  10/10      EV:  5    Int:  5    God:    Gozag
Gold:   751        SH: 19    Dex: 16    Spells: 10/10 levels left

rFire   . . .      SeeInvis .    a - +0 flail
rCold   . . .      Faith    .    v - +0 tower shield
rNeg    . . .      Spirit   .    c - +0 plate armour
rPois   .          Reflect  .    (helmet restricted)
rElec   .          Harm     .    w - +0 cloak
rCorr   .          Rampage  .    (no gloves)
Will    .....                    B - +0 pair of boots
Stlth   ..........               j - amulet of magic regeneration
HPRegen 0.34/turn                r - +6 ring of dexterity
MPRegen 0.52/turn                d - +4 ring of protection

@: lethally poisoned (-4 -> -5), gold aura
A: horns 2, retaliatory headbutt
a: Renounce Religion, Potion Petition, Call Merchant, Bribe Branch


You were on level 1 of the Lair of Beasts.
You worshipped Gozag.
Gozag was pleased with you.
You visited 3 branches of the dungeon, and saw 11 of its levels.

You collected 1685 gold pieces.
You paid 934 gold pieces to Gozag.

Inventory:

Hand Weapons
 a - a +0 flail (weapon)
Missiles
 f - 17 poisoned darts (quivered)
 l - 3 curare-tipped darts
 o - 93 stones
Armour
 c - a +0 plate armour (worn)
 v - a +0 tower shield (worn)
 w - a +0 cloak (worn)
 B - a +0 pair of boots (worn)
Jewellery
 d - a +4 ring of protection (right hand)
 j - an amulet of magic regeneration (around neck)
 r - a +6 ring of dexterity (left hand)
 A - a ring of ice
 D - a ring of see invisible
Wands
 E - a wand of charming (6)
 G - a wand of acid (28)
Scrolls
 b - a scroll of immolation {unknown}
 h - 3 scrolls of amnesia {unknown}
 k - 6 scrolls of teleportation
 m - 2 scrolls of vulnerability {unknown}
 p - 2 scrolls of butterflies {unknown}
 q - 2 scrolls of enchant armour
 t - a scroll of brand weapon {unknown}
 u - 4 scrolls of enchant weapon
 x - 2 scrolls of fear {unknown}
 y - a scroll of blinking {unknown}
 C - 2 scrolls of magic mapping {unknown}
 F - 3 scrolls of summoning {unknown}
 H - 4 scrolls of poison {unknown}
 I - a scroll of silence {unknown}
 K - 2 scrolls of noise {unknown}
Potions
 e - 2 potions of mutation
 g - a potion of magic
 i - 2 potions of invisibility
 s - 2 potions of flight
 z - 4 potions of curing
 J - a potion of degeneration
 L - a potion of might


   Skills:
 + Level 6.2 Fighting
 - Level 14.0 Maces & Flails
 + Level 6.2 Armour
 - Level 14.0 Shields
 + Level 1.3 Evocations


You had 10 spell levels left.
You didn't know any spells.
Your spell library contained the following spells:

 Spells                   Type           Power      Damage    Failure   Level
 Apportation              Tloc           0%         N/A       100%        1
 Magic Dart               Conj           0%         1d3       100%        1
 Necrotise                Necr           0%         1d4       100%        1
 Summon Small Mammal      Summ           0%         N/A       100%        1
 Call Imp                 Summ           0%         N/A       100%        2
 Gell's Gravitas          Tloc           0%         N/A       100%        3
 Ignite Poison            Fire/Tmut/Pois 0%         N/A       100%        3
 Lesser Beckoning         Tloc           0%         N/A       100%        3
 Mephitic Cloud           Conj/Pois/Air  0%         N/A       100%        3
 Teleport Other           Tloc           0%         N/A       100%        3
 Sticky Flame             Conj/Fire      0%         2d3       100%        4
 Fireball                 Conj/Fire      0%         3d3       100%        5
 Iskenderun's Battlesphe  Conj           0%         2d6       100%        5
 Conjure Ball Lightning   Conj/Air       0%         3x3d7     100%        6
 Orb of Destruction       Conj           0%         9d5       100%        7
 Ignition                 Fire           0%         3d3       100%        8


Dungeon Overview and Level Annotations

Branches:
Dungeon (9/15)             Temple (1/1) D:4            Lair (1/5) D:9
    Orc: D:9-12

Altars:
Ashenzari
Cheibriados
Dithmenos
Elyvilon
Fedhas
Gozag
Hepliaklqana
Kikubaaqudgha
Makhleb
Nemelex Xobeh
Okawaru
Qazlal
Ru
Sif Muna
Trog
Uskayaw
Vehumet
Wu Jian
Xom
Yredelemnul
Zin
The Shining One

Shops:
D:7 *

Annotations:
D:9 exclusion: obsidian statue


Innate Abilities, Weirdness & Mutations

You have a pair of horns on your head.
You reflexively headbutt those who attack you in melee.


Message History

You are too injured to fight recklessly!
You are too injured to fight recklessly!
You are too injured to fight recklessly!
You are too injured to fight recklessly!
You are too injured to fight recklessly!
You are too injured to fight recklessly!
You feel very sick. You block the yak's attack.
The yak attacks as you move away! You block the yak's attack.
You feel very sick.
You barely miss the yak. You headbutt the yak, but do no damage.
You feel very sick. You block the yak's attack. The cane toad stings you.
* * * LOW HITPOINT WARNING * * *
You barely miss the cane toad. Your headbutt misses the cane toad.
The cane toad is severely wounded.
You feel sick. You block the yak's attack. You block the cane toad's attack.
You hit the cane toad.
The cane toad is almost dead.
You feel sick. The yak gores you but does no damage.
The yak is distracted by your dazzling golden aura.
The cane toad stings you but does no damage.
The yak bellows!
You hit the cane toad but do no damage.
The cane toad is almost dead.
You feel sick. The yak closely misses you. You block the yak's attack.
The cane toad stings you but does no damage.
You thump the cane toad!
You kill the cane toad!
You feel sick. You block the yak's attack.
The yak gores you but does no damage.
Your Evocations skill increases to level 1!
The yak attacks as you move away! You block the yak's attack.
You feel sick.
The yak gores the plant!
The plant begins to die.
You feel sick.
The yak gores the plant!
The yak gores you!
* * * LOW HITPOINT WARNING * * *
The yak gores the plant!!
You feel sick.
The yak gores the plant!
The yak gores you!
You die...
Your body crumbles into a pile of gold.

..... ........#
... ##.##.P#..##
### #......#...#
. #.........##
#.. +......#..##
....#......#...#
..............##
#..........#..#
........@..#..##
......###YP#...#
......$YYYY...##
.......$......#
..............#
$
..............#
..............#
$
.....####.#...#
....P .###..#


You could see 3 yaks.

Vanquished Creatures
  A two-headed ogre (D:4)
  Maggie (Lair:1)
  6 cane toads
  A komodo dragon (Lair:1)
  A troll (D:9)
  A hornet (D:7)
  Sigmund (D:4)
  11 yaks (Lair:1)
  A shadow (D:9)
  Grum (D:8)
  5 water moccasins
  2 sky beasts
  2 orc warriors
  2 ice beasts
  2 black bears (D:9)
  An ogre (D:6)
  4 wolves (D:8)
  3 centaurs
  2 phantoms
  3 kobold brigands
  7 bullfrogs
  3 scorpions
  3 wights (D:9)
  3 howler monkeys
  3 jellies
  5 hounds
  2 orc priests (D:8)
  A gnoll bouda (D:4)
  2 iguanas
  4 orc wizards
  Natasha (thrice) (D:2)
  5 gnolls
  10 adders
  A shadow imp (D:6)
  A white imp (D:5)
  An ufetubus (D:5)
  A worm (D:2)
  3 dart slugs
  18 orcs
  6 ball pythons
  4 bats
  9 endoplasms
  2 giant cockroaches
  5 goblins
  5 hobgoblins
  3 jackals (D:5)
  17 kobolds
  4 quokkas
  2 frilled lizards (D:2)
  8 rats
192 creatures vanquished.

Vanquished Creatures (collateral kills)
  A necrophage (D:4)
  3 gnolls (D:4)
4 creatures vanquished.

Vanquished Creatures (others)
  An orc (D:5)
  17 fungi
  28 plants
46 creatures vanquished.

Grand Total: 242 creatures vanquished

Notes
Turn   | Place    | Note
-------+----------+-------------------------------------------
     0 | D:1      | NinjaNoafa the Minotaur Fighter began the quest for the
                  | Orb.
     0 | D:1      | Reached XP level 1. HP: 19/19 MP: 0/0
    36 | D:1      | Reached XP level 2. HP: 27/27 MP: 1/1
   886 | D:2      | Reached XP level 3. HP: 28/34 MP: 2/2
   922 | D:2      | Noticed Natasha
   936 | D:2      | Killed Natasha
  1343 | D:2      | Noticed Natasha
  1356 | D:2      | Killed Natasha
  1357 | D:2      | Reached skill level 5 in Fighting
  1357 | D:2      | Reached skill level 5 in Armour
  1357 | D:2      | Reached XP level 4. HP: 18/42 MP: 3/3
  1859 | D:2      | Noticed Natasha
  1869 | D:2      | Killed Natasha
  2308 | D:3      | Reached XP level 5. HP: 43/49 MP: 4/4
  2821 | D:4      | Found a staircase to the Ecumenical Temple.
  2828 | Temple   | Entered the Ecumenical Temple
  3023 | Temple   | Became a worshipper of Gozag Ym Sagoz the Greedy
  3298 | D:4      | Reached XP level 6. HP: 38/57 MP: 5/5
  3737 | D:4      | Noticed Sigmund
  3751 | D:4      | Killed Sigmund
  3752 | D:4      | Reached skill level 5 in Shields
  3752 | D:4      | Reached XP level 7. HP: 57/63 MP: 6/6
  3804 | D:4      | Noticed a two-headed ogre
  3830 | D:4      | Reached skill level 5 in Maces & Flails
  3845 | D:4      | Killed a two-headed ogre
  4148 | D:5      | Entered Level 5 of the Dungeon
  4315 | D:5      | Reached XP level 8. HP: 70/70 MP: 7/7
  4532 | D:5      | Found a shadowy altar of Dithmenos.
  4857 | D:6      | Found a white marble altar of Elyvilon.
  5644 | D:7      | Found Zyaroask's Serpentskin Sales.
  5684 | D:7      | Noticed a hornet
  5696 | D:7      | Paralysed by a hornet for 1 turns
  5698 | D:7      | Killed a hornet
  5699 | D:7      | Reached XP level 9. HP: 47/75 MP: 8/8
  6079 | D:7      | Found a blossoming altar of Fedhas.
  6139 | D:7      | Identified the +7 spear of Blood {vorpal, rC+ Will+ rCorr}
  6538 | D:7      | Found a stormy altar of Qazlal.
  6539 | D:7      | Found an ornate altar of the Wu Jian Council.
  6625 | D:8      | Noticed Grum
  6633 | D:8      | Reached skill level 10 in Shields
  6657 | D:8      | Reached skill level 10 in Maces & Flails
  6666 | D:8      | Killed Grum
  7961 | D:9      | Noticed a troll
  7967 | D:9      | Reached XP level 10. HP: 82/83 MP: 9/9
  8083 | D:9      | Found a staircase to the Lair.
  8366 | D:9      | Noticed an obsidian statue
  8367 | D:9      | Noticed a two-headed ogre
  8462 | Lair:1   | Entered Level 1 of the Lair of Beasts
  8462 | Lair:1   | Noticed a cane toad
  8467 | Lair:1   | Noticed a cane toad
  8477 | D:9      | Killed a cane toad
  8665 | Lair:1   | Killed a cane toad
  8668 | Lair:1   | Noticed a cane toad
  8679 | Lair:1   | Killed a cane toad
  8686 | Lair:1   | Noticed Maggie
  8704 | Lair:1   | Killed Maggie
  9267 | Lair:1   | Reached XP level 11. HP: 72/89 MP: 10/10
  9556 | Lair:1   | Reached skill level 1 in Evocations
  9558 | Lair:1   | Slain by a yak

Illustrated notes

Levels and vault maps discovered:
D:1:      sevenhm_arrival_forest_fort_small_3, layout_basic
D:2:      layout_basic, uniq_natasha
D:3:      layout_loops_ring
D:4:      layout_rooms, minmay_temple_entry_fiery, grunt_ministairs_8,
          kennysheep_dice, uniq_sigmund
D:5:      layout_cave_pools, grunt_dithmenos_shadows
D:6:      layout_basic, mainiacjoe_overflow_boulevard
D:7:      layout_basic, lemuel_doored_altar, gammafunk_temple_overflow_pools,
          hangedman_decor_points, guppyfry_shop_venom
D:8:      layout_rooms, hex_large, minivault_19, nicolae_zen_rock_garden,
          uniq_grum
D:9:      layout_stronghold, due_lair_maze_entry_diamond, minivault_16
Temple:   bh_familiar_temple
Lair:1:   layout_regular_city, chequers_serial_rivers_marsh,
          minmay_shattered_shrine, uniq_maggie

Skill      XL: |  1  2  3  4  5  6  7  8  9 10 11 |
---------------+----------------------------------+-----
Fighting       | 4 5 6 |  6.2
Armour         | 4 5 6 |  6.2
Shields        | 4 5 7 9 11 13 14 | 14.0
Maces & Flails | 3 4 6 9 11 13 14 | 14.0
Evocations     | 1 |  1.3

Action                   |  1- 3 |  4- 6 |  7- 9 | 10-12 || total
-------------------------+-------+-------+-------+-------++-------
Melee: Flail             |    70 |   164 |   313 |   181 ||   728
       Headbutt          |    11 |    24 |    52 |    52 ||   139
Throw: Dart              |       |       |     1 |     5 ||     6
Invok: Potion Petition   |       |       |       |     1 ||     1
Evoke: Wand              |       |       |     3 |     4 ||     7
  Use: Potion            |       |     1 |     5 |     2 ||     8
       Scroll            |       |       |    10 |     2 ||    12
 Stab: Distracted        |       |       |     2 |     1 ||     3
       Invisible         |       |       |       |     5 ||     5
Armor: Scale mail        |    17 |       |       |       ||    17
       Plate armour      |    15 |   138 |   218 |    84 ||   455
       Skin              |       |       |    26 |       ||    26
Dodge: Dodged            |    28 |    16 |    56 |    19 ||   119
Block: Buckler           |    13 |       |       |       ||    13
       Tower shield      |    19 |   134 |   378 |   222 ||   753

Table legend: (Time is in decaauts)
 A = Elapsed time spent in this place.
 B = Non-inter-level travel time spent in this place.
 C = Inter-level travel time spent in this place.
 D = Time resting spent in this place.
 E = Time spent auto-exploring this place.
 F = Levels seen in this place.
 G = Mean time per level.
                   A        B        C        D        E       F      G
               +--------+--------+--------+--------+--------+-----+--------+
         Total |   9780 |   9330 |    450 |    231 |   7211 |  11 |  889.1 |
       Dungeon |   8679 |   8260 |    419 |    231 |   6347 |   9 |  964.3 |
        Temple |    209 |    178 |     31 |      0 |    172 |   1 |  209.0 |
          Lair |    891 |    891 |      0 |      0 |    692 |   1 |  891.0 |
               +--------+--------+--------+--------+--------+-----+--------+

Top non-repeatable levels by time:
     D:2: 1335 daAuts
     D:4: 1212 daAuts
     D:7: 1208 daAuts
     D:8: 1096 daAuts
     D:9: 998 daAuts
     D:3: 949 daAuts
  Lair:1: 891 daAuts
     D:6: 743 daAuts
     D:1: 601 daAuts
     D:5: 534 daAuts
  Temple: 209 daAuts
